 Dungeon Crawl Stone Soup version 0.30.1-11-g7821555f0a (webtiles) character file.

Game seed: 14723534087516920258

5513 nulldir the Firebug (level 10, -4/74 HPs)
             Began as a Demonspawn Gladiator on Nov 8, 2023.
             Was an Elder of Vehumet.
             Slain by an orc warrior
             ... wielding a +2 heavy battleaxe
             ... led by an orc knight
              (30 damage)
             ... on level 1 of the Orcish Mines.
             The game lasted 01:38:03 (7151 turns).

nulldir the Firebug (Demonspawn Gladiator)          Turns: 7151, Time: 01:38:03

Health: -4/74      AC:  5    Str: 16    XL:     10   Next: 43%
Magic:  8/17       EV: 19    Int: 15    God:    Vehumet [****..]
Gold:   291        SH:  0    Dex: 18    Spells: 14/19 levels left

rFire   . . .        R - +3 scimitar of Destiny {venom, Int+3 Dex+3}
rCold   . . .        (no shield)
rNeg    . . .        b - +0 leather armour
rPois   +            (helmet unavailable)
rElec   .            (no cloak)
rCorr   .            U - +1 pair of gloves
SInv    .            (no boots)
Will    .....        g - amulet of the acrobat
Stlth   ++           G - ring of poison resistance
HPRegen 0.32/turn    Q - +5 ring of evasion
MPRegen 0.15/turn

%: acrobat
@: hasted, very quick
A: horns 3, foul stench 3, powered by death 1
a: Renounce Religion


You were on level 1 of the Orcish Mines.
You worshipped Vehumet.
Vehumet was greatly pleased with you.
You visited 3 branches of the dungeon, and saw 11 of its levels.
You also visited: Bailey.

You collected 811 gold pieces.
You spent 520 gold pieces at shops.

Inventory:

Hand Weapons
 a - a +0 trident
 c - a +0 dagger of draining
 l - a +2 short sword of flaming
 m - the +7 flail of the Immovable Leylines {elec, Fly rF+ Str+3}
   (You took it off a wight on level 9 of the Dungeon)

   Str:       It affects your strength (+3).
   rF:        It protects you from fire.
   Fly:       It grants you flight.
 J - a +2 spectral quarterstaff
 R - the +3 scimitar of Destiny (weapon) {venom, Int+3 Dex+3}
   (You found it in a bailey)

   Int:       It affects your intelligence (+3).
   Dex:       It affects your dexterity (+3).
Missiles
 A - 12 boomerangs (quivered)
 B - a javelin
Armour
 b - a +0 leather armour (worn)
 r - a +0 robe
 O - a +1 ring mail of fire resistance
 U - a +1 pair of gloves (worn)
Magical Staves
 d - a staff of cold
 C - a staff of death
Jewellery
 g - an amulet of the acrobat (around neck)
 G - a ring of poison resistance (left hand)
 I - a ring of see invisible
 Q - a +5 ring of evasion (right hand)
Wands
 h - a wand of polymorph (9)
 t - a wand of flame (1)
 M - a wand of paralysis (7)
Scrolls
 i - a scroll of enchant armour {unknown}
 o - a scroll of fog {unknown}
 p - a scroll of brand weapon {unknown}
 s - 4 scrolls of immolation
 w - a scroll of silence {unknown}
 D - a scroll of fear {unknown}
 E - a scroll of butterflies {unknown}
 N - a scroll of amnesia {unknown}
 S - 4 scrolls of identify
 T - a scroll of magic mapping {unknown}
 W - a scroll of teleportation
Potions
 e - 2 potions of degeneration
 f - a potion of haste
 j - a potion of flight {unknown}
 k - 2 potions of attraction
 u - a potion of berserk rage {unknown}
 F - 3 potions of might
 H - a potion of cancellation
 K - 2 potions of heal wounds
 L - 4 potions of curing
Miscellaneous
 V - a box of beasts (inert)


   Skills:
 + Level 5.4 Fighting
 + Level 0.9(3.0) Short Blades
 + Level 4.5(4.6) Long Blades
 + Level 3.9(4.7) Polearms
 + Level 3.7(4.6) Staves
 + Level 2.2 Throwing
 + Level 4.2 Armour
 + Level 5.5 Dodging
 + Level 1.8 Stealth
 + Level 5.1 Spellcasting
 * Level 7.3 Fire Magic
 + Level 1.2 Evocations


You had 14 spell levels left.
You knew the following spells:

 Your Spells              Type           Power      Damage    Failure   Level
a - Foxfire               Conj/Fire      56%        2x1d6     1%          1
b - Flame Wave            Conj/Fire      14%        2d6       11%         4

Your spell library contained the following spells:

 Spells                   Type           Power      Damage    Failure   Level
 Ignite Poison            Fire/Tmut/Pois 11%        N/A       6%          3
 Shock                    Conj/Air       12%        1d3       5%          1
 Stone Arrow              Conj/Erth      6%         3d7       16%         3
 Airstrike                Air            1%         2d(1-17)  41%         4
 Swiftness                Air            3%         N/A       50%         3
 Animate Armour           Summ/Erth      6%         N/A       88%         4
 Lehudib's Crystal Spear  Conj/Erth      1%         10d2      100%        8


Dungeon Overview and Level Annotations

Branches:
Dungeon (9/15)             Temple (1/1) D:4             Orc (1/2) D:9
 Bailey (visited)
   Lair: D:8-11

Altars:
Ashenzari
Cheibriados
Dithmenos
Fedhas
Gozag
Hepliaklqana
Kikubaaqudgha
Makhleb
Nemelex Xobeh
Okawaru
Ru
Sif Muna
Uskayaw
Vehumet
Wu Jian
Xom
Yredelemnul

Shops:
D:2 =:   D:4 *   D:7 :   D:8 *


Innate Abilities, Weirdness & Mutations

You have a pair of large horns on your head.
You frequently emit foul miasma when damaged in melee.
You regenerate a little health from kills.


Message History

The orc knight hits you but does no damage.
A wave of flame ripples out!
The flame wave engulfs the orc knight.
The orc knight is moderately wounded.
The flame wave engulfs the orc.
The orc is moderately wounded.
The flame wave engulfs the orc warrior but does no damage.
A wave of flame ripples out!
The flame wave engulfs the orc knight but does no damage.
The orc knight is moderately wounded.
The flame wave engulfs the orc warrior.
The orc warrior is lightly wounded.
The flame wave engulfs the orc.
You kill the orc!
Vehumet accepts your kill.
You feel your power returning. Vehumet accepts your kill.
You feel your power returning.
You feel a bit more experienced.
The orc knight is no longer moving slowly.
The orc knight is engulfed in dark miasma.
The orc knight looks as sick as possible!
The orc knight completely misses you.
A wave of flame ripples out!
The flame wave engulfs the orc knight.
The orc knight is heavily wounded.
The flame wave engulfs the orc warrior!
The orc warrior is heavily wounded.
The flame wave engulfs the troll.
The troll is moderately wounded.
You finish channelling waves of flame.
You hear a shout! x2
The orc warrior completely misses you.
You barely miss the orc warrior. Your headbutt misses the orc warrior.
The orc warrior is heavily wounded.
The orc knight is engulfed in dark miasma.
The orc knight looks as sick as possible!
The orc knight hits you with a +0 battleaxe!!
You slash the orc knight!
The orc knight looks as sick as possible!
The orc knight is almost dead.
The orc warrior hits you with a +2 heavy battleaxe!!
You die...

...>.....h.##.#.
.......#..## ##
$..........#
........#..##
#...........#
#......$.v..##
#.#....T.)..#
#...#o#o.##
.....#@..#
#.#.###.## ####
###


You could see an orc knight (extremely poisoned), a troll and an orc warrior
(strong).

Vanquished Creatures
  A two-headed ogre (D:9)
  A troll (D:9)
  Prince Ribbit (D:7)
  A wyvern (D:9)
  5 yaks (D:9)
  A shadow (D:8)
  2 wargs (Orc:1)
  6 orc warriors
  An ice beast (D:6)
  3 black bears
  2 ogres
  A centaur (D:8)
  7 kobold brigands
  A phantom (D:5)
  A bullfrog (D:7)
  A gnoll sergeant (D:9)
  A scorpion (D:5)
  3 wights (D:9)
  9 killer bees (D:8)
  2 jellies
  2 gnoll boudas
  2 orc priests
  A hound (D:6)
  An iguana (D:4)
  9 orc wizards
  17 gnolls
  7 adders
  2 shadow imps
  2 ufetubi
  2 worms (D:2)
  3 dart slugs (D:5)
  43 orcs
  2 bats (D:3)
  3 endoplasms
  3 giant cockroaches
  9 goblins
  4 hobgoblins
  3 jackals (D:2)
  A quokka (D:1)
  2 ball pythons (D:2)
  A frilled lizard (D:1)
  24 kobolds
  2 rats
195 creatures vanquished.

Vanquished Creatures (others)
  A quokka (D:5)
  375 foxfires
376 creatures vanquished.

Grand Total: 571 creatures vanquished

Notes
Turn   | Place    | Note
-------+----------+-------------------------------------------
     0 | D:1      | nulldir the Demonspawn Gladiator began the quest for the
                  | Orb.
     0 | D:1      | Reached XP level 1. HP: 16/16 MP: 1/1
   333 | D:2      | Found Umahoh's Book Emporium.
   377 | D:2      | Gained mutation: You may rarely emit foul miasma when
                  | damaged in melee. [demonic ancestry]
   377 | D:2      | Reached XP level 2. HP: 22/22 MP: 2/2
   499 | D:2      | Found a faded altar of an unknown god.
   522 | D:2      | Reached XP level 3. HP: 9/27 MP: 3/3
   612 | D:2      | Prayed at the altar of an unknown god.
   612 | D:2      | Became a worshipper of Vehumet
   612 | D:2      | Reached * piety under Vehumet
   612 | D:2      | Offered knowledge of Foxfire by Vehumet.
   615 | D:2      | Learned a level 1 spell: Foxfire
   707 | D:2      | Found Holyoh's Jewellery Boutique.
   918 | D:3      | Noticed a kobold brigand
   928 | D:3      | Found a hazy altar of Hepliaklqana.
   930 | D:3      | Killed a kobold brigand
   931 | D:3      | Reached skill level 1 in Armour
   931 | D:3      | Reached skill level 1 in Fire Magic
   931 | D:3      | Gained mutation: You sometimes emit foul miasma when
                  | damaged in melee. [demonic ancestry]
   931 | D:3      | Reached XP level 4. HP: 27/34 MP: 2/4
   986 | D:3      | Found an ornate altar of the Wu Jian Council.
   992 | D:3      | Noticed a spectral centipede
   992 | D:3      | Noticed a spectral black mamba
   992 | D:3      | Noticed a spectral cane toad
  1049 | D:3      | Gained mutation: You have a pair of small horns on your
                  | head. [demonic ancestry]
  1049 | D:3      | Reached XP level 5. HP: 30/39 MP: 1/5
  1222 | D:3      | Offered knowledge of Sandblast by Vehumet.
  1346 | D:3      | Reached ** piety under Vehumet
  1354 | D:3      | Reached skill level 2 in Fire Magic
  1450 | D:4      | Noticed an ogre
  1463 | D:4      | Killed an ogre
  1464 | D:4      | Reached skill level 3 in Fire Magic
  1464 | D:4      | Gained mutation: You frequently emit foul miasma when
                  | damaged in melee. [demonic ancestry]
  1464 | D:4      | Reached XP level 6. HP: 46/46 MP: 2/7
  1558 | D:4      | Reached skill level 1 in Spellcasting
  1643 | D:4      | Found Geduvut's General Store.
  1708 | D:4      | Found a staircase to the Ecumenical Temple.
  1717 | Temple   | Entered the Ecumenical Temple
  2043 | D:4      | Found a sparkling altar of Nemelex Xobeh.
  2432 | D:5      | Entered Level 5 of the Dungeon
  2475 | D:5      | Gained mutation: You regenerate a little health from kills.
                  | [demonic ancestry]
  2475 | D:5      | Reached XP level 7. HP: 38/51 MP: 4/9
  2774 | D:5      | Offered knowledge of Frozen Ramparts by Vehumet.
  3222 | D:5      | Reached skill level 4 in Fire Magic
  3302 | D:6      | Reached skill level 1 in Stealth
  3405 | D:6      | Reached skill level 1 in Staves
  3407 | D:6      | HP: 1/51 [orc priest/+2 short sword of flaming (2)]
  3626 | D:6      | Reached skill level 1 in Evocations
  3626 | D:6      | Gained mutation: You have a pair of horns on your head.
                  | [demonic ancestry]
  3626 | D:6      | Reached XP level 8. HP: 49/57 MP: 12/12
  3639 | D:6      | Reached *** piety under Vehumet
  3921 | D:6      | Reached skill level 5 in Fire Magic
  4481 | D:7      | Offered knowledge of Flame Wave by Vehumet.
  4487 | D:7      | Learned a level 4 spell: Flame Wave
  4638 | D:7      | Found Emusk's Book Emporium.
  4678 | D:7      | Noticed Prince Ribbit
  4781 | D:7      | Killed Prince Ribbit
  4782 | D:7      | Gained mutation: You have a pair of large horns on your
                  | head. [demonic ancestry]
  4782 | D:7      | Reached XP level 9. HP: 25/64 MP: 0/14
  4930 | D:8      | Found an iron altar of Okawaru.
  5047 | D:8      | Noticed a death yak
  5096 | D:8      | Found a flagged portal.
  5139 | D:8      | Found Bynemops's Gadget Gallery.
  5145 | Bailey   | Entered a bailey
  5182 | Bailey   | Reached skill level 6 in Fire Magic
  5229 | Bailey   | Identified the +3 scimitar of Destiny {venom, Int+3 Dex+3}
  5470 | Bailey   | Found a bloodstained altar of Trog.
  5555 | D:8      | Bought a box of beasts for 520 gold pieces
  5751 | D:8      | Reached skill level 5 in Dodging
  5936 | D:8      | Reached skill level 1 in Long Blades
  6178 | D:9      | Reached **** piety under Vehumet
  6204 | D:9      | Reached XP level 10. HP: 63/73 MP: 11/17
  6295 | D:9      | Found a sacrificial altar of Ru.
  6323 | D:9      | Noticed a two-headed ogre
  6350 | D:9      | Killed a two-headed ogre
  6351 | D:9      | Reached skill level 5 in Fighting
  6351 | D:9      | Reached skill level 5 in Spellcasting
  6351 | D:9      | Reached skill level 7 in Fire Magic
  6380 | D:9      | Offered knowledge of Ignite Poison by Vehumet.
  6451 | D:9      | Identified the +7 flail of the Immovable Leylines {elec,
                  | Fly rF+ Str+3}
  7098 | D:9      | Found a staircase to the Orcish Mines.
  7107 | Orc:1    | Entered Level 1 of the Orcish Mines
  7107 | Orc:1    | Noticed an orc knight
  7151 | Orc:1    | Slain by an orc warrior

Illustrated notes

Levels and vault maps discovered:
D:1:      heliophobic_arrival_dark_side_of_the_moon, layout_loops_ring
D:2:      layout_basic, hellmonk_ecumenical_altar_arch_garden, serial_shops,
          nicolae_shop_gaudy_bauble, shop, shop, shop,
          nicolae_elevator_lobby_plus
D:3:      cheibrodos_thug_alley, layout_rooms, nicolae_hepliaklqana_hazy_memory,
          pdpol_wu_jian_five_deadly_venoms, minivault_14
D:4:      layout_basic, nemelex_diamond_rough_becter, minmay_temple_entry_trees,
          serial_shops, shop
D:5:      layout_basic, lemuel_flamethrower_1
D:6:      layout_rooms
D:7:      layout_loops_ring, serial_shops, nicolae_shop_tiny_waterfront,
          nicolae_figureground_sparkle, uniq_menkaure, uniq_prince_ribbit1
D:8:      layout_basic, mainiacjoe_overflow_six_doors_small, dpeg_lair_monsters,
          enter_bailey_5, nicolae_shop_gadgets
D:9:      corexii_shack_village, layout_basic, lemuel_crystal_altar,
          old_standard_altar, mainiacjoe_overflow_alcove_2, david_orc_2
Temple:   eino_narrow_crystal_temple
Orc:1:    layout_caves

Skill      XL: |  1  2  3  4  5  6  7  8  9 10 |
---------------+-------------------------------+-----
Dodging        | 3 4 5 |  5.5
Polearms       | 3 |  3.9
Throwing       | 2 |  2.2
Armour         | 1 2 3 4 |  4.2
Fire Magic     | 1 3 4 5 6 7 |  7.3
Spellcasting   | 1 2 3 4 5 |  5.1
Stealth        | 1 |  1.8
Staves         | 1 3 |  3.7
Evocations     | 1 |  1.2
Fighting       | 3 4 5 |  5.4
Long Blades    | 2 4 |  4.5
Short Blades   | |  0.9

Action                     |  1- 3 |  4- 6 |  7- 9 | 10-12 || total
---------------------------+-------+-------+-------+-------++-------
  Melee: Trident           |    51 |    25 |       |       ||    76
         Punch             |     2 |     3 |       |       ||     5
         Dagger            |       |    66 |    32 |       ||    98
         Headbutt          |       |    28 |    33 |    11 ||    72
         Staff             |       |    11 |       |       ||    11
         Quarterstaff      |       |       |   103 |       ||   103
         Scimitar          |       |       |    49 |    55 ||   104
  Throw: Throwing net      |     1 |       |     6 |       ||     7
         Javelin           |       |     1 |     1 |       ||     2
         Boomerang         |       |       |     1 |       ||     1
   Cast: Foxfire           |     6 |    37 |   163 |    21 ||   227
         Flame Wave        |       |       |     3 |     2 ||     5
  Evoke: Wand              |     3 |     6 |     5 |     1 ||    15
         Box of beasts     |       |       |     1 |     1 ||     2
    Use: Potion            |     1 |     1 |     6 |     2 ||    10
         Scroll            |     1 |       |     9 |       ||    10
   Stab: Sleeping          |       |       |     2 |     1 ||     3
 Armour: Leather armour    |    11 |    19 |    33 |     5 ||    68
  Dodge: Dodged            |    29 |    76 |   220 |    52 ||   377
